 Dungeon Crawl Stone Soup version 0.30-a0-728-gc68057be0a (webtiles) character file.

Game seed: 3924128140379996446

9040 bmack86 the Cleaver (level 11, -5/95 HPs)
             Began as a Minotaur Fighter on Feb 1, 2023.
             Was a High Priest of Okawaru.
             Slain by a blink frog (14 damage)
             ... on level 2 of the Lair of Beasts.
             The game lasted 00:27:14 (9836 turns).

bmack86 the Cleaver (Minotaur Fighter)              Turns: 9836, Time: 00:27:15

Health: -5/95      AC: 17    Str: 24    XL:     11   Next: 17%
Magic:  14/14      EV:  7    Int:  5    God:    Okawaru [*****.]
Gold:   793        SH:  6    Dex: 11    Spells: 10/10 levels left

rFire   . . .      SeeInvis .    C - +2 broad axe (freeze)
rCold   . . .      Faith    .    c - +0 buckler
rNeg    + . .      Spirit   .    z - +0 plate armour
rPois   .          Reflect  .    (helmet restricted)
rElec   .          Harm     .    x - +0 cloak
rCorr   +          Rampage  .    o - +1 pair of gloves
Will    .....                    (no boots) Stlth
                                 (no amulet)
HPRegen 0.35/turn                i - ring of resist corrosion
MPRegen 0.14/turn                F - ring of positive energy

@: studying Axes
A: horns 2, retaliatory headbutt
a: Renounce Religion, Heroism, Finesse, Duel


You were on level 2 of the Lair of Beasts.
You worshipped Okawaru.
Okawaru was extremely pleased with you.
You visited 3 branches of the dungeon, and saw 13 of its levels.
You also visited: Sewer.

You collected 877 gold pieces.
You spent 84 gold pieces at shops.

Inventory:

Hand Weapons
 v - a +5 hand axe
 C - a +2 broad axe of freezing (weapon)
Missiles
 a - 2 silver boomerangs
 n - 41 poisoned darts (quivered)
 s - 6 boomerangs
 B - 4 javelins
 D - 2 curare-tipped darts
Armour
 c - a +0 buckler (worn)
 o - a +1 pair of gloves (worn)
 x - a +0 cloak (worn)
 z - a +0 plate armour (worn)
Jewellery
 e - a ring of ice
 i - a ring of resist corrosion (left hand)
 F - a ring of positive energy (right hand)
Wands
 d - a wand of paralysis (11)
 w - a wand of mindburst (17)
 A - a wand of quicksilver (2)
Scrolls
 f - 3 scrolls of teleportation
 y - a scroll of fear
 E - a scroll of identify
Potions
 b - a potion of lignification
 g - a potion of invisibility
 h - a potion of brilliance
 j - 5 potions of curing
 k - 2 potions of haste
 l - 3 potions of magic
 m - 3 potions of berserk rage
 p - 6 potions of attraction
 q - a potion of flight
 r - a potion of ambrosia
 t - a potion of mutation
 u - 2 potions of heal wounds


   Skills:
 + Level 8.8 Fighting
 * Level 14.9 Axes
 + Level 6.4 Throwing
 + Level 9.0 Armour
 + Level 8.9 Shields
 + Level 5.8 Invocations


You had 10 spell levels left.
You didn't know any spells.
Your spell library contained the following spells:

 Spells                   Type           Power      Damage    Failure   Level
 Sting                    Tmut/Pois      0%         1d3       100%        1
 Ensorcelled Hibernation  Hex/Ice        0%         N/A       100%        2
 Poisonous Vapours        Pois/Air       0%         N/A       100%        2
 Spider Form              Tmut/Pois      0%         N/A       100%        3
 Anguish                  Hex/Necr       0%         N/A       100%        4
 Olgreb's Toxic Radiance  Pois           0%         N/A       100%        4
 Enfeeble                 Hex            0%         N/A       100%        7


Dungeon Overview and Level Annotations

Branches:
Dungeon (10/15)            Temple (1/1) D:4            Lair (2/5) D:8
  Snake (0/4) Lair:2        Sewer (visited)
  Swamp: Lair:2-3    Shoals: Lair:2-3       Orc: D:9-12

Altars:
Ashenzari
Cheibriados
Dithmenos
Elyvilon
Fedhas
Gozag
Hepliaklqana
Kikubaaqudgha
Makhleb
Nemelex Xobeh
Okawaru
Qazlal
Ru
Sif Muna
Trog
Uskayaw
Vehumet
Wu Jian
Xom
Yredelemnul
Zin
The Shining One

Shops:
D:5 *   D:8 *   D:9 [

Annotations:
D:9 exclusion: statue


Innate Abilities, Weirdness & Mutations

You have a pair of horns on your head.
You reflexively headbutt those who attack you in melee.


Message History

Okawaru accepts your kill. Okawaru grants you armour!
Something appears at your feet!
You see here the +1 cloak of the Known World {Rampage +Inv Will+ Str+2 Dex-5}.
You closely miss the black mamba. You headbutt the black mamba.
You kill the black mamba!
Okawaru accepts your kill.
Your Armour skill increases to level 9!
As you read the scroll of teleportation, it crumbles to dust.
You feel strangely unstable.
The water moccasin hisses angrily.
Your surroundings suddenly seem different.
Found 3 poisoned darts.
A blink frog comes into view.
The blink frog gives a loud, deep croak!
A blink frog comes into view.
A blink frog comes into view.
The blink frog gives a loud, deep croak!
The blink frog croaks.
A blink frog comes into view.
The blink frog blinks!
The blink frog gives a loud, deep croak!
The blink frog blinks!
The blink frog blinks!
You block the blink frog's attack.
You see here 3 poisoned darts.
You closely miss the blink frog. Your headbutt misses the blink frog.
You completely miss the blink frog. The blink frog barely misses you.
The blink frog hits you but does no damage.
You barely miss the blink frog. Your headbutt misses the blink frog.
You miss the blink frog. You hit the blink frog. You freeze the blink frog.
The blink frog hits you.
* * * LOW HITPOINT WARNING * * *
The blink frog hits you but does no damage.
You block the blink frog's attack.
You barely miss the blink frog. Your headbutt misses the blink frog.
You slash the blink frog!
The blink frog seems to slow down.
You freeze the blink frog. You miss the blink frog. The blink frog hits you!
* * * LOW HITPOINT WARNING * * *
You block the blink frog's attack. The blink frog hits you!
You die...

............
####...P#..........#
#.................##
#......~.#.~##....#
#.....##~≈~≈≈≈#.#.##
#..F...~≈≈≈≈≈≈~....#
##.....##≈≈≈≈≈≈......
#..FF§.P#≈≈≈≈≈≈#.###.
#.F@..P~≈≈≈≈≈≈#.###.
##......≈≈≈≈≈≈≈#.....
#......##~~≈≈≈≈#.....
#.......~P.#≈#.~.####
##................# #
#...............##
#.##.....#....P##
###.....#.......#
##.............#


You could see 4 blink frogs.

Vanquished Creatures
  6 black mambas
  Joseph (D:7)
  Maggie (D:7)
  2 kobold demonologists (D:9)
  3 hornets
  3 yaks (D:8)
  3 wargs (D:8)
  2 acid dragons (D:8)
  4 water moccasins
  2 black bears
  An ice beast (D:8)
  2 orc warriors (D:9)
  2 ogres
  3 centaurs
  2 phantoms (D:4)
  4 kobold brigands
  7 bullfrogs
  Blork the orc (D:6)
  A necrophage (D:4)
  2 scorpions
  A gnoll sergeant (D:7)
  10 wights (D:6)
  9 killer bees
  4 howler monkeys
  5 orc priests
  A lava snake (D:8)
  A hound (D:6)
  Crazy Yiuf (D:7)
  2 gnoll boudas (D:7)
  3 iguanas
  5 orc wizards
  A mummy (D:5)
  Robin (D:4)
  11 gnolls (D:7)
  8 adders
  2 white imps (D:6)
  3 worms
  2 dart slugs (D:1)
  26 orcs
  13 endoplasms
  8 giant cockroaches
  15 goblins
  10 hobgoblins
  4 jackals (D:1)
  5 quokkas
  6 ball pythons
  10 bats
  2 frilled lizards
  19 kobolds
  8 rats
248 creatures vanquished.

Vanquished Creatures (others)
  A fungus (Lair:1)
  7 plants
8 creatures vanquished.

Grand Total: 256 creatures vanquished

Notes
Turn   | Place    | Note
-------+----------+-------------------------------------------
     0 | D:1      | bmack86 the Minotaur Fighter began the quest for the Orb.
     0 | D:1      | Reached XP level 1. HP: 19/19 MP: 0/0
     1 | D:1      | Found a runed translucent door.
   150 | D:1      | Reached XP level 2. HP: 27/27 MP: 1/1
   202 | D:1      | Reached skill level 3 in Axes
   551 | D:1      | Reached XP level 3. HP: 33/33 MP: 2/2
   678 | D:2      | Found an opulent altar of Gozag.
   850 | D:2      | Reached XP level 4. HP: 40/40 MP: 3/3
  1108 | D:2      | Reached skill level 4 in Axes
  1619 | D:3      | Found a hide-covered altar of Uskayaw.
  1645 | D:3      | Identified the +3 short sword of Division {drain, rC+}
  1696 | D:3      | Found a shimmering blue altar of Sif Muna.
  2279 | D:4      | Reached XP level 5. HP: 47/47 MP: 4/4
  2336 | D:4      | Reached skill level 1 in Throwing
  2337 | D:4      | Found a sacrificial altar of Ru.
  2362 | D:4      | Noticed an ogre
  2370 | D:4      | Killed an ogre
  2371 | D:4      | Reached skill level 5 in Axes
  2371 | D:4      | Reached XP level 6. HP: 53/53 MP: 5/5
  2469 | D:4      | Noticed Robin
  2479 | D:4      | Reached skill level 5 in Armour
  2482 | D:4      | HP: 2/55 [poisoned by a scorpion]
  2486 | D:4      | Killed Robin
  2725 | D:4      | Reached skill level 5 in Fighting
  2725 | D:4      | Reached skill level 5 in Shields
  2728 | D:4      | Found a staircase to the Ecumenical Temple.
  2743 | Temple   | Entered the Ecumenical Temple
  2768 | Temple   | Became a worshipper of Warmaster Okawaru
  2820 | D:4      | Reached XP level 7. HP: 55/61 MP: 6/6
  2944 | D:4      | Reached skill level 6 in Axes
  3004 | D:5      | Entered Level 5 of the Dungeon
  3047 | D:5      | Found a white marble altar of Elyvilon.
  3164 | D:5      | Found Itzodorgh's Assorted Antiques.
  3223 | D:5      | Found a glowing drain.
  3255 | Sewer    | Entered a sewer
  3294 | Sewer    | Reached skill level 1 in Invocations
  3649 | D:5      | Bought a scroll of identify for 42 gold pieces
  3649 | D:5      | Bought a scroll of identify for 42 gold pieces
  3787 | D:5      | Identified a scroll of acquirement
  3787 | D:5      | Acquired a manual of Axes
  3863 | D:5      | Found a snail-covered altar of Cheibriados.
  4140 | D:6      | Reached * piety under Okawaru
  4148 | D:6      | Reached skill level 7 in Axes
  4148 | D:6      | Reached XP level 8. HP: 55/70 MP: 8/8
  4307 | D:6      | Reached skill level 8 in Axes
  4323 | D:6      | Reached ** piety under Okawaru
  4653 | D:6      | Noticed Blork the orc
  4664 | D:6      | Killed Blork the orc
  4665 | D:6      | Reached skill level 9 in Axes
  4737 | D:6      | Found an ornate altar of the Wu Jian Council.
  5100 | D:7      | Reached XP level 9. HP: 67/77 MP: 10/10
  5118 | D:7      | Reached skill level 10 in Axes
  5157 | D:7      | Found a basalt altar of Yredelemnul.
  5384 | D:7      | Noticed Maggie
  5403 | D:7      | Killed Maggie
  5403 | D:7      | Reached *** piety under Okawaru
  5648 | D:7      | Reached skill level 11 in Axes
  5813 | D:7      | Paralysed by a hornet for 1 turns
  6113 | D:7      | Noticed Joseph
  6125 | D:7      | Killed Joseph
  6193 | D:7      | Found a runed translucent door.
  6194 | D:7      | Noticed Crazy Yiuf
  6394 | D:7      | Killed Crazy Yiuf
  6395 | D:7      | Reached skill level 5 in Throwing
  6573 | D:8      | Reached skill level 12 in Axes
  6681 | D:8      | Found a staircase to the Lair.
  6691 | D:8      | Reached XP level 10. HP: 58/86 MP: 9/12
  6691 | D:8      | Reached **** piety under Okawaru
  6798 | D:8      | Found a burning altar of Makhleb.
  7066 | D:8      | Found Aqourulu's Assorted Antiques.
  7098 | D:8      | Received a gift from Okawaru
  7250 | D:8      | Identified the +7 quarterstaff of the Tomato {flame, rPois
                  | Stlth+}
  7618 | D:9      | Reached skill level 13 in Axes
  7623 | D:9      | Paralysed by a hornet for 1 turns
  7924 | D:9      | Reached skill level 5 in Invocations
  7956 | D:9      | Noticed an orange demon
  7962 | D:9      | Noticed a rust devil
  7965 | D:9      | Noticed an orange demon
  7965 | D:9      | Reached ***** piety under Okawaru
  7970 | D:9      | Received a gift from Okawaru
  8215 | D:9      | Found a shimmering altar of Xom.
  8296 | D:9      | Reached skill level 14 in Axes
  8568 | D:9      | Found Cyfet's Armour Shoppe.
  8650 | D:9      | Found a radiant altar of Vehumet.
  8762 | D:10     | Entered Level 10 of the Dungeon
  8836 | Lair:1   | Entered Level 1 of the Lair of Beasts
  9146 | Lair:1   | Noticed a black mamba
  9157 | Lair:1   | Killed a black mamba
  9277 | Lair:1   | Noticed a black mamba
  9282 | Lair:1   | Killed a black mamba
  9444 | Lair:1   | Reached XP level 11. HP: 91/95 MP: 14/14
  9811 | Lair:2   | Found a staircase to the Snake Pit.
  9818 | Lair:2   | Identified the +1 cloak of the Known World {Rampage +Inv
                  | Will+ Str+2 Dex-5} (Okawaru gifted it to you on level 2 of
                  | the Lair of Beasts)
  9818 | Lair:2   | Received a gift from Okawaru
  9836 | Lair:2   | Slain by a blink frog

Illustrated notes

Levels and vault maps discovered:
D:1:      dpeg_arrival_caged_fury, layout_basic, minmay_tetromino_i2
D:2:      layout_basic, basic_altar
D:3:      layout_rooms, eat_drink_and_be_merry_uskayaw,
          kennysheep_orc_sif_temple
D:4:      layout_rooms, nicolae_ru_awakened_eye, minmay_temple_entry_mini_moons,
          nicolae_underground_beach, uniq_robin
D:5:      layout_rooms, amcnicky_altar_gilded, chei_slow_surprise,
          gup_sewer_entry_glass, serial_shops, kennysheep_mini
D:6:      layout_rooms, nzn_wu_jian_contemplation, uniq_blork_the_orc
D:7:      corexii_shack_village, layout_basic, mainiacjoe_overflow_tiny_flanked,
          uniq_joseph, uniq_maggie, uniq_crazy_yiuf_cottage
D:8:      layout_basic, lemuel_round_altar, erik_lair_orcish_takeover,
          serial_shops, nicolae_shop_stone, minivault_25,
          kennysheep_generic_room_5
D:9:      layout_basic, tgw_xom, vehumet_statue, serial_shops, shop
D:10:     layout_basic, lemuel_round_altar, serial_shops, kennysheep_mini_moat,
          eino_small_chamber_without_monster, fountainhead, dk_noncrumbling_2,
          dreamdust_deal_with_the_devil
Temple:   hellmonk_temple_of_storms
Lair:1:   layout_roguey, serial_bayou_pond_c, grunt_megastairs_5
Lair:2:   layout_gridlike, nicolae_shoals_entry_flooding,
          minmay_snake_entry_six_corridors, chequers_serial_rivers_small_b,
          gammafunk_lair_bear_cave

Skill      XL: |  1  2  3  4  5  6  7  8  9 10 11 |
---------------+----------------------------------+-----
Axes           | 3 4 5 7 9 12 14 | 14.9
Armour         | 4 5 6 7 8 9 |  9.0
Shields        | 4 5 6 7 8 |  8.9
Fighting       | 4 5 6 7 8 |  8.8
Throwing       | 1 2 3 5 6 |  6.4
Invocations    | 1 3 4 5 |  5.8

Action                     |  1- 3 |  4- 6 |  7- 9 | 10-12 || total
---------------------------+-------+-------+-------+-------++-------
  Melee: War axe           |    68 |    91 |    96 |       ||   255
         Headbutt          |     6 |    14 |    47 |    17 ||    84
         Hand axe          |       |       |    91 |       ||    91
         Broad axe         |       |       |    49 |   138 ||   187
  Throw: Dart              |       |       |    28 |     9 ||    37
 Invoke: Heroism           |       |       |     2 |       ||     2
    Use: Scroll            |     2 |     6 |    13 |     2 ||    23
         Potion            |     1 |     2 |     1 |     2 ||     6
 Armour: Scale mail        |    49 |    50 |    34 |       ||   133
         Plate armour      |       |       |   141 |   107 ||   248
  Dodge: Dodged            |    44 |    52 |    88 |    60 ||   244
  Block: Buckler           |    26 |    27 |    80 |    47 ||   180

Table legend: (Time is in decaauts)
 A = Elapsed time spent in this place.
 B = Non-inter-level travel time spent in this place.
 C = Inter-level travel time spent in this place.
 D = Time resting spent in this place.
 E = Time spent auto-exploring this place.
 F = Levels seen in this place.
 G = Mean time per level.
                   A        B        C        D        E       F      G
               +--------+--------+--------+--------+--------+-----+--------+
         Total |   9895 |   9610 |    285 |   1083 |   5780 |  14 |  706.8 |
       Dungeon |   8610 |   8352 |    258 |    957 |   4997 |  10 |  861.0 |
        Temple |     72 |     72 |      0 |      0 |      0 |   1 |   72.0 |
          Lair |    995 |    968 |     27 |      0 |    783 |   2 |  497.5 |
         Sewer |    215 |    215 |      0 |    126 |      0 |   1 |  215.0 |
               +--------+--------+--------+--------+--------+-----+--------+

Top non-repeatable levels by time:
     D:7: 1356 daAuts
     D:9: 1198 daAuts
     D:8: 1187 daAuts
     D:6: 1078 daAuts
     D:2: 930 daAuts
  Lair:1: 902 daAuts
     D:5: 754 daAuts
     D:4: 713 daAuts
     D:1: 698 daAuts
     D:3: 692 daAuts
   Sewer: 215 daAuts
  Lair:2: 93 daAuts
  Temple: 72 daAuts
    D:10: 1 daAuts
